 Dungeon Crawl Stone Soup version 0.29.1-2-gbd0b4ee654 (webtiles) character file.

Game seed: 8490564753211848129

711 GorkyZ the Shield-Bearer (level 8, 0/61 HPs)
             Began as a Formicid Fighter on Nov 21, 2022.
             Was an Initiate of Gozag.
             Slain by a gnoll
             ... wielding a +1 flail of protection
              (1 damage)
             ... on level 5 of the Dungeon.
             The game lasted 00:15:30 (4318 turns).

GorkyZ the Shield-Bearer (Formicid Fighter)         Turns: 4318, Time: 00:15:30

Health: 0/61       AC:  5    Str: 23    XL:     8   Next: 0%
Magic:  8/8        EV: 11    Int:  8    God:    Gozag
Gold:   570        SH:  5    Dex: 13    Spells: 7/7 levels left

rFire   . . .      SeeInvis +   a - +0 war axe
rCold   . . .      Faith    .   c - +0 buckler
rNeg    . . .      Spirit   .   y - +1 leather armour "Xeckevvo" {Contam rElec rCorr}
rPois   .          Reflect  .   (helmet unavailable)
rElec   +          Harm     .   h - +0 cloak
rCorr   +          Rampage  .   (no gloves)
Will    .....                   (no boots)
Stlth   +.........              (no amulet)
HPRegen 0.20/turn               (no ring)
MPRegen 0.11/turn               (no ring)

@: no status effects
A: permanent stasis, dig shafts and tunnels, antennae 3, four strong arms
a: Dig, Shaft Self, Renounce Religion, Potion Petition, Call Merchant, Bribe
Branch


You were on level 5 of the Dungeon.
You worshipped Gozag.
Gozag was pleased with you.
You visited 1 branch of the dungeon, and saw 5 of its levels.

You collected 656 gold pieces.
You spent 12 gold pieces at shops.
You paid 74 gold pieces to Gozag.

Inventory:

Hand Weapons
 a - a +0 war axe (weapon)
 f - a +0 spear
Missiles
 u - 3 poisoned darts (quivered)
 w - 5 boomerangs
Armour
 b - a +0 scale mail
 c - a +0 buckler (worn)
 h - a +0 cloak (worn)
 q - a +2 robe of the Archmagi
 r - a +0 plate armour
 y - the +1 leather armour "Xeckevvo" (worn) {Contam rElec rCorr}
   (You found it on level 4 of the Dungeon)

   rElec:     It insulates you from electricity.
   Contam:    It causes magical contamination when unequipped.
   rCorr:     It protects you from acid and corrosion.
Scrolls
 g - 2 scrolls of enchant armour {unknown}
 j - 3 scrolls of fog {unknown}
 k - 3 scrolls of vulnerability {unknown}
 l - 2 scrolls of noise {unknown}
 m - 5 scrolls of identify {unknown}
 n - a scroll of silence {unknown}
 o - a scroll of summoning {unknown}
 s - a scroll of blinking {unknown}
 z - a scroll of magic mapping {unknown}
Potions
 d - a potion of might
 e - a potion of berserk rage {unknown}
 i - 3 potions of curing {unknown}
 p - a potion of heal wounds {unknown}
 t - 2 potions of degeneration
 v - a potion of mutation {unknown}
 x - a potion of flight {unknown}


   Skills:
 + Level 4.3 Fighting
 * Level 4.6 Axes
 + Level 2.6 Throwing
 + Level 4.5 Armour
 + Level 2.2 Dodging
 + Level 5.3 Shields
 + Level 3.0 Evocations


You had 7 spell levels left.
You didn't know any spells.
Your spell library was empty.

Dungeon Overview and Level Annotations

Branches:
Dungeon (5/15)
 Temple: D:4-7

Altars:
Gozag

Shops:
D:2 !

Annotations:
D:3 1 runed translucent door, Crazy Yiuf


Innate Abilities, Weirdness & Mutations

You cannot be hasted, slowed, berserked, paralysed or teleported.
You can dig through walls and to a lower floor.
You have a pair of large antennae on your head. (SInv)
Your four strong arms can wield two-handed weapons with a shield.


Message History

You kill the gnoll!
You barely miss the gnoll. x2; You block the gnoll's attack.
The gnoll hits you with a +1 flail of protection.
You slash the gnoll!
The gnoll is severely wounded.
You closely miss the gnoll. You block the gnoll's attack.
The gnoll hits you with a +0 whip. x2; The gnoll barely misses you.
You slash the gnoll!
You kill the gnoll!
You hit the gnoll but do no damage. The gnoll barely misses you.
Your life force feels restored.
You have reached level 8!
You feel clever.
You barely miss the gnoll.
The gnoll hits you with a +1 flail of protection.
* * * LOW HITPOINT WARNING * * *
You hit the gnoll but do no damage. You block the gnoll's attack.
You slash the gnoll!
The gnoll is severely wounded.
The gnoll hits you with a +1 flail of protection.
* * * LOW HITPOINT WARNING * * *
The gnoll barely misses you.
You barely miss the gnoll.
The gnoll is severely wounded.
The gnoll hits you with a +1 flail of protection!
* * * LOW HITPOINT WARNING * * *
You hit the gnoll but do no damage.
The gnoll is severely wounded.
The gnoll hits you with a +1 flail of protection.
* * * LOW HITPOINT WARNING * * *
You hit the gnoll.
The gnoll is almost dead.
The gnoll hits you with a +1 flail of protection.
* * * LOW HITPOINT WARNING * * *
You block the gnoll's attack.
You hit the gnoll but do no damage.
The gnoll is almost dead.
The gnoll hits you with a +1 flail of protection.
You die...
Your body crumbles into a pile of gold.

... ......
###### ...<.#
#..(.# .....#
#....####.....#
#.............#
##g.............
#@$.............
######..<.......
#...:......
#..........
#.........$
#..........
#..{.......
#..........
#..........


You could see a gnoll.

Vanquished Creatures
  Grinder (D:3)
  A phantom (D:4)
  4 hounds
  An orc priest (D:4)
  Jessica (D:2)
  2 orc wizards (D:4)
  3 gnolls (D:5)
  2 adders (D:2)
  6 worms
  6 dart slugs
  19 orcs
  10 endoplasms
  4 giant cockroaches
  7 goblins
  6 hobgoblins
  10 jackals
  7 kobolds
  5 quokkas
  8 ball pythons
  12 bats
  2 frilled lizards
  5 rats
122 creatures vanquished.

Vanquished Creatures (others)
  2 fungi (D:3)
2 creatures vanquished.

Grand Total: 124 creatures vanquished

Notes
Turn   | Place    | Note
-------+----------+-------------------------------------------
     0 | D:1      | GorkyZ the Formicid Fighter began the quest for the Orb.
     0 | D:1      | Reached XP level 1. HP: 18/18 MP: 1/1
   112 | D:1      | Reached XP level 2. HP: 19/24 MP: 2/2
   788 | D:1      | Reached XP level 3. HP: 29/29 MP: 3/3
   851 | D:1      | Found a faded altar of an unknown god.
  1283 | D:2      | Reached skill level 1 in Evocations
  1285 | D:2      | Reached skill level 1 in Throwing
  1285 | D:2      | Reached XP level 4. HP: 27/35 MP: 4/4
  1460 | D:2      | Noticed Jessica
  1468 | D:2      | Reached skill level 1 in Dodging
  1469 | D:2      | Killed Jessica
  1561 | D:2      | Reached XP level 5. HP: 38/41 MP: 5/5
  1778 | D:2      | Found Jasor's Distillery.
  1797 | D:2      | Bought a potion of degeneration for 12 gold pieces
  2100 | D:3      | Found an opulent altar of Gozag.
  2110 | D:3      | Became a worshipper of Gozag Ym Sagoz the Greedy
  2314 | D:3      | Noticed Grinder
  2340 | D:3      | Killed Grinder
  2341 | D:3      | Reached XP level 6. HP: 21/48 MP: 6/6
  2341 | D:3      | Reached XP level 7. HP: 23/54 MP: 7/7
  2830 | D:3      | Found a runed translucent door.
  2831 | D:3      | Noticed Crazy Yiuf
  2975 | D:4      | Reached skill level 5 in Shields
  3196 | D:4      | Identified the +1 leather armour "Xeckevvo" {Contam rElec
                  | rCorr}
  4296 | D:5      | Entered Level 5 of the Dungeon
  4312 | D:5      | Reached XP level 8. HP: 19/61 MP: 8/8
  4317 | D:5      | HP: 1/61 [gnoll/+1 flail of protection (4)]
  4318 | D:5      | Slain by a gnoll

Illustrated notes

Levels and vault maps discovered:
D:1:      dpeg_arrival_arbitrary_a, layout_loops_corners,
          chequers_ecumenical_altar_island
D:2:      layout_rooms, serial_shops, nicolae_square_shop, uniq_jessica
D:3:      layout_loops_ring, mainiacjoe_overflow_alcove_1,
          uniq_crazy_yiuf_cottage, uniq_grinder
D:4:      minmay_bubble_buster, layout_basic
D:5:      layout_gridville, minmay_temple_entry_offerings, portal_sewer_entry_a,
          serial_shops, shop, uniq_prince_ribbit1

Skill      XL: |  1  2  3  4  5  6  7 |
---------------+----------------------+-----
Evocations     | 1 2 3 |  3.0
Throwing       | 1 2 |  2.6
Dodging        | 1 2 |  2.2
Axes           | 3 4 |  4.6
Fighting       | 4 |  4.3
Armour         | 4 |  4.5
Shields        | 5 |  5.3

Action                   |  1- 3 |  4- 6 |  7- 9 || total
-------------------------+-------+-------+-------++-------
Melee: War axe           |    76 |   110 |   153 ||   339
Throw: Dart              |       |     4 |       ||     4
 Abil: Dig               |       |       |     2 ||     2
Armor: Scale mail        |    42 |    23 |       ||    65
       Plate armour      |       |    53 |    46 ||    99
       Leather armour    |       |       |    27 ||    27
Dodge: Dodged            |    48 |    51 |    64 ||   163
Block: Buckler           |    23 |    24 |    38 ||    85
